 Dungeon Crawl Stone Soup version 0.26-a0-1021-gda264ca44c (webtiles) character file.

Game seed: 13097724555088471932

300 lunkers the Carver (level 6, -8/47 HPs)
             Began as a Gnoll Wanderer on Dec 9, 2020.
             Was an Initiate of Ashenzari.
             Mangled by Pikel
             ... wielding a +2 whip of electrocution
              (17 damage)
             ... on level 5 of the Dungeon.
             The game lasted 00:03:26 (3810 turns).

lunkers the Carver (Gnoll Wanderer)                 Turns: 3810, Time: 00:03:26

Health: -8/47      AC: 18    Str: 14    XL:     6   Next: 36%
Magic:  8/8        EV: 10    Int: 17    God:    Ashenzari [......]
Gold:   233        SH:  0    Dex: 14    Spells: 8/8 levels left

rFire    . . .     SeeInvis .   y - +2 scimitar (protect) (curse)
rCold    . . .     Faith    .   (no shield)
rNeg     . . .     Spirit   .   b - +2 scale mail
rPois    +         Reflect  .   (no helmet)
rElec    .         Harm     .   (no cloak)
rCorr    .         Rampage  .   t - +0 pair of gloves
Will     +....                  q - +0 pair of boots
Stlth    +.........             (no amulet)
HPRegen  0.15/turn              r - ring of willpower
MPRegen  0.11/turn              s - ring of poison resistance

@: protection aura
A: distributed training, fangs 1, strong nose
a: Curse Item, Renounce Religion


You were on level 5 of the Dungeon.
You worshipped Ashenzari.
Ashenzari was noncommittal.
You visited 2 branches of the dungeon, and saw 6 of its levels.

You collected 233 gold pieces.

Inventory:

Hand Weapons
 a - a +0 falchion
 y - a cursed +2 scimitar of protection (weapon)
Armour
 b - a +2 scale mail (worn)
 q - a +0 pair of boots (worn)
 t - a +0 pair of gloves (worn)
Jewellery
 r - a ring of willpower (left hand)
 s - a ring of poison resistance (right hand)
 u - an uncursed ring of poison resistance
Wands
 z - a wand of digging (3)
Scrolls
 e - 3 scrolls of magic mapping {unknown}
 g - a scroll of enchant weapon {unknown}
 h - 2 scrolls of blinking {unknown}
 i - a scroll of enchant armour {unknown}
 j - 3 scrolls of fog {unknown}
 m - 6 scrolls of identify {unknown}
 p - 5 scrolls of teleportation {unknown}
 w - a scroll of random uselessness {unknown}
Potions
 c - a potion of lignification
 d - a potion of haste {unknown}
 f - a potion of cancellation {unknown}
 k - 2 potions of ambrosia {unknown}
 l - 2 potions of heal wounds {unknown}
 n - a potion of resistance {unknown}
 v - a potion of berserk rage {unknown}
 x - a potion of flight {unknown}
 B - 2 potions of curing {unknown}
 C - a potion of mutation {unknown}


   Skills:
 + Level 3.2 Fighting
 + Level 1.9 Short Blades
 + Level 8.7 Long Blades
 + Level 1.9 Axes
 + Level 1.9 Maces & Flails
 + Level 1.9 Polearms
 + Level 1.9 Staves
 + Level 1.9 Slings
 + Level 5.0 Bows
 + Level 1.9 Crossbows
 + Level 1.9 Throwing
 + Level 3.2 Armour
 + Level 1.9 Dodging
 + Level 3.0 Stealth
 + Level 3.2 Shields
 + Level 1.9 Unarmed Combat
 + Level 1.9 Spellcasting
 + Level 1.5 Conjurations
 + Level 1.5 Hexes
 + Level 1.5 Summonings
 + Level 1.5 Necromancy
 + Level 1.5 Translocations
 + Level 1.5 Transmutations
 + Level 1.5 Fire Magic
 + Level 1.5 Ice Magic
 + Level 1.5 Air Magic
 + Level 1.5 Earth Magic
 + Level 1.5 Poison Magic
 + Level 2.1 Invocations
 + Level 1.9 Evocations


You had 8 spell levels left.
You didn't know any spells.
Your spell library was empty.

Dungeon Overview and Level Annotations

Branches:
Dungeon (5/15)             Temple (1/1) D:4

Altars:
Ashenzari
Cheibriados
Elyvilon
Gozag
Hepliaklqana
Kikubaaqudgha
Makhleb
Nemelex Xobeh
Okawaru
Qazlal
Ru
Sif Muna
Trog
Uskayaw
Wu Jian
Xom
Yredelemnul
Zin

Annotations:
D:5 Pikel


Innate Abilities, Weirdness & Mutations

Your experience applies equally to all skills.
You have very sharp teeth.
Your uncanny sense of smell can sniff out nearby items.


Message History

Pikel hits you but does no damage.
You hit Pikel but do no damage.
Pikel is severely wounded.
Pikel barely misses you.
You closely miss Pikel.
Pikel is severely wounded.
Pikel says, "Hell isn't that bad."
Pikel hits you with a +2 whip of electrocution.
* * * LOW HITPOINT WARNING * * *
You hit Pikel but do no damage.
Pikel is severely wounded.
Pikel hits you but does no damage.
You are electrocuted!
* * * LOW HITPOINT WARNING * * *
You closely miss Pikel. Your bite misses Pikel.
Pikel is severely wounded.
Pikel closely misses you.
You closely miss Pikel.
Pikel is severely wounded.
Pikel hits you but does no damage.
You are electrocuted!
You die...

#..##....#
#..##....
..##...
..#... #.#..#
#.#..#
##.#5###.#..#
...oooK@...<#
....5########
... . ∆ ∆


You could see Pikel, 2 lemures and 3 orcs.

Vanquished Creatures
  An ogre (D:4)
  2 orc priests
  An orc wizard (D:4)
  An iguana (D:4)
  An adder (D:2)
  A dart slug (D:1)
  A leopard gecko (D:4)
  13 orcs
  6 giant cockroaches
  15 goblins
  3 hobgoblins
  5 jackals (D:4)
  2 quokkas
  6 bats
  4 frilled lizards
  6 kobolds
  A quokka skeleton (D:4)
  8 rats
77 creatures vanquished.

Notes
Turn   | Place    | Note
-------+----------+-------------------------------------------
     0 | D:1      | lunkers the Gnoll Wanderer began the quest for the Orb.
     0 | D:1      | lunkers set off with the following items: a +0 falchion, a
                  | +2 scale mail, a potion of lignification
     0 | D:1      | Reached XP level 1. HP: 17/17 MP: 1/1
     5 | D:1      | You fall into a shaft and drop 1 floor!
    10 | D:2      | Reached XP level 2. HP: 22/23 MP: 2/2
   275 | D:1      | Reached XP level 3. HP: 18/28 MP: 3/3
   713 | D:1      | Reached skill level 1 in Invocations
  1324 | D:2      | Found a shimmering blue altar of Sif Muna.
  1813 | D:3      | Reached skill level 1 in Short Blades
  1813 | D:3      | Reached skill level 1 in Axes
  1813 | D:3      | Reached skill level 1 in Maces & Flails
  1813 | D:3      | Reached skill level 1 in Polearms
  1813 | D:3      | Reached skill level 1 in Staves
  1813 | D:3      | Reached skill level 1 in Slings
  1813 | D:3      | Reached skill level 1 in Crossbows
  1813 | D:3      | Reached skill level 1 in Throwing
  1813 | D:3      | Reached skill level 1 in Dodging
  1813 | D:3      | Reached skill level 1 in Unarmed Combat
  1813 | D:3      | Reached skill level 1 in Spellcasting
  1813 | D:3      | Reached skill level 1 in Evocations
  2012 | D:3      | Reached XP level 4. HP: 33/34 MP: 5/5
  2134 | D:3      | Reached skill level 1 in Conjurations
  2134 | D:3      | Reached skill level 1 in Hexes
  2134 | D:3      | Reached skill level 1 in Summonings
  2134 | D:3      | Reached skill level 1 in Necromancy
  2134 | D:3      | Reached skill level 1 in Translocations
  2134 | D:3      | Reached skill level 1 in Transmutations
  2134 | D:3      | Reached skill level 1 in Fire Magic
  2134 | D:3      | Reached skill level 1 in Ice Magic
  2134 | D:3      | Reached skill level 1 in Air Magic
  2134 | D:3      | Reached skill level 1 in Earth Magic
  2134 | D:3      | Reached skill level 1 in Poison Magic
  2951 | D:4      | Reached XP level 5. HP: 30/40 MP: 5/7
  3236 | D:4      | Noticed an ogre
  3247 | D:4      | Killed an ogre
  3248 | D:4      | Reached XP level 6. HP: 47/47 MP: 8/8
  3334 | D:4      | Reached skill level 5 in Bows
  3489 | D:4      | Found a staircase to the Ecumenical Temple.
  3557 | Temple   | Entered the Ecumenical Temple
  3712 | Temple   | Became a worshipper of Ashenzari the Shackled
  3780 | D:5      | Entered Level 5 of the Dungeon
  3781 | D:5      | Noticed Pikel
  3810 | D:5      | Mangled by Pikel

Illustrated notes

Levels and vault maps discovered:
D:1:      ebering_trefoil_twist, layout_basic
D:2:      layout_loops_ring, overflow_temple_1_default,
          kennysheep_cross_bottleneck, minmay_diced_spiral
D:3:      layout_loops_corners
D:4:      layout_rooms, minmay_temple_entry_fiery
D:5:      layout_basic, general_overflow_altar, kennysheep_generic_room_7,
          uniq_pikel
Temple:   minmay_crystal_spiral_temple

Skill      XL: |  1  2  3  4  5  6 |
---------------+-------------------+-----
Invocations    | 1 2 |  2.1
Short Blades   | 1 |  1.9
Axes           | 1 |  1.9
Maces & Flails | 1 |  1.9
Polearms       | 1 |  1.9
Staves         | 1 |  1.9
Slings         | 1 |  1.9
Crossbows      | 1 |  1.9
Throwing       | 1 |  1.9
Dodging        | 1 |  1.9
Unarmed Combat | 1 |  1.9
Spellcasting   | 1 |  1.9
Evocations     | 1 |  1.9
Conjurations   | 1 |  1.5
Hexes          | 1 |  1.5
Summonings     | 1 |  1.5
Necromancy     | 1 |  1.5
Translocations | 1 |  1.5
Transmutations | 1 |  1.5
Fire Magic     | 1 |  1.5
Ice Magic      | 1 |  1.5
Air Magic      | 1 |  1.5
Earth Magic    | 1 |  1.5
Poison Magic   | 1 |  1.5
Fighting       | 3 |  3.2
Armour         | 3 |  3.2
Shields        | 3 |  3.2
Stealth        | 3 |  3.0
Bows           | 5 |  5.0
Long Blades    | |  8.7

Action                   |  1- 3 |  4- 6 || total
-------------------------+-------+-------++-------
Melee: Falchion          |   132 |    37 ||   169
       Bite              |     8 |    20 ||    28
       Punch             |     1 |     1 ||     2
       Scimitar          |       |    81 ||    81
Invok: Curse Item        |       |     1 ||     1
Armor: Scale mail        |    78 |    55 ||   133
Dodge: Dodged            |    56 |    48 ||   104
       Rpst.: Falchion   |    17 |     9 ||    26
       Scimitar          |       |    12 ||    12

Table legend: (Time is in decaauts)
 A = Elapsed time spent in this place.
 B = Non-inter-level travel time spent in this place.
 C = Inter-level travel time spent in this place.
 D = Time resting spent in this place.
 E = Time spent auto-exploring this place.
 F = Levels seen in this place.
 G = Mean time per level.
                   A        B        C        D        E       F      G
               +--------+--------+--------+--------+--------+-----+--------+
         Total |   3784 |   3521 |    263 |      0 |   3021 |   6 |  630.7 |
       Dungeon |   3612 |   3434 |    178 |      0 |   2938 |   5 |  722.4 |
        Temple |    171 |     87 |     84 |      0 |     83 |   1 |  171.0 |
               +--------+--------+--------+--------+--------+-----+--------+

Top non-repeatable levels by time:
     D:3: 1074 daAuts
     D:1: 958 daAuts
     D:4: 789 daAuts
     D:2: 761 daAuts
  Temple: 171 daAuts
     D:5: 28 daAuts
